 Dungeon Crawl Stone Soup version 0.29.0-4-gdea44cf6ec (webtiles) character file.

Game seed: 14397518783258041492

2 qw the Sneak (level 1, 0/14 HPs)
             Began as a Gargoyle Delver on Sept 10, 2022.
             Slain by an orc wizard
             ... wielding a +0 dagger
              (1 damage)
             ... on level 4 of the Dungeon.
             The game lasted 00:00:02 (141 turns).

qw the Sneak (Gargoyle Delver)                       Turns: 141, Time: 00:00:03

Health: 0/14       AC:  5    Str: 15    XL:     1   Next: 40%
Magic:  1/1        EV: 11    Int: 10    God:
Gold:   0          SH:  0    Dex: 11    Spells: 0/0 levels left

rFire   . . .      SeeInvis .   Y - +1 hand axe
rCold   . . .      Faith    .   (no shield)
rNeg    + . .      Spirit   .   b - +0 leather armour
rPois   inf        Reflect  .   (no helmet)
rElec   +          Harm     .   (no cloak)
rCorr   .          Rampage  .   (no gloves)
Will    .....                   (no boots)
Stlth   +++.......              (no amulet)
HPRegen 0.04/turn               (no ring)
MPRegen 0.07/turn               (no ring)

@: no status effects
A: sickness immunity, AC +2, negative energy resistance 1, electricity
resistance, torment resistance 1, petrification resistance
a: no special abilities


You were on level 4 of the Dungeon.
You visited 1 branch of the dungeon, and saw 2 of its levels.


Innate Abilities, Weirdness & Mutations

You are immune to sickness and miasma.
Your stone body is resilient. (AC +2)
You are immune to poison.
You resist negative energy. (rN+)
You are resistant to electric shocks. (rElec)
You are resistant to unholy torment.
You are immune to petrification.


   Skills:
 - Level 3.2 Fighting
 + Level 2.0 Axes
 - Level 1.5 Dodging
 - Level 5.4 Stealth


You couldn't memorise any spells.
You didn't know any spells.
Your spell library was empty.

Inventory:

Hand Weapons
 Y - a +1 hand axe (weapon)
Armour
 b - a +0 leather armour (worn)
Wands
 g - a wand of digging (3)
Potions
 f - a potion of haste
 i - a potion of berserk rage {unknown}

Dungeon Overview and Level Annotations

Branches:
Dungeon (5/15)
 Temple: D:4-7

Altars:


Message History

There is a stone staircase leading down here.
Existing waypoints: (2) D:5 Assign waypoint to what number? (0-9, D - delete waypoint) Waypoint 1 assigned to D:4.
Enter note: The orc wizard hits you with a +0 dagger.
A dart slug comes into view.
You feel less confused.
The orc wizard hits you with a +0 dagger.
The dart slug moves out of view.
You closely miss the orc wizard.
The orc wizard hits you but does no damage.
You closely miss the orc wizard.
The orc wizard mumbles some strange words.
The orc wizard flickers and vanishes!
Deactivating autopickup; reactivate with Ctrl-A.
A kobold comes into view. It is wielding a +0 dagger.
You hit the dart slug.
The dart slug is moderately wounded.
You miss something.
The kobold shouts!
The dart slug bites you. Something hits you but does no damage.
You slash the dart slug!
The dart slug is almost dead.
You barely miss something.
A kobold comes into view. It is wielding a +0 short sword.
Something hits you. The dart slug launches a dart at you.
The slug dart hits you.
You hit the dart slug.
You kill the dart slug!
You miss something. Something hits you. Something barely misses you.
Your Axes skill increases to level 2!
You hit the kobold but do no damage. You miss something. Something hits you.
The kobold misses you.
You hit the kobold but do no damage. You hit something but do no damage.
The kobold hits you with a +0 dagger. Something hits you.
You die...

##.### ......
.#.....##....
............
........... #
.......?..# ..#
..........##.....
.........>.......
.....!..{####..P7
...#.>..@# .
#..#..K.K....
......#?....##.
.......#.....#
PP...........#
P....##......#
.77.. ####### ..


You could see 2 kobolds.

Vanquished Creatures
  A dart slug (D:4)
1 creature vanquished.

Notes
Turn   | Place    | Note
-------+----------+-------------------------------------------
     0 | D:5      | qw the Gargoyle Delver began the quest for the Orb.
     0 | D:5      | Reached XP level 1. HP: 14/14 MP: 1/1
     0 | D:5      | 0 ||| qw: Version: 0.1-a-116-g5d60599
     0 | D:5      | 0 ||| qw: Game counter: 9129
     0 | D:5      | 0 ||| qw: Always use a shield: true
     0 | D:5      | 0 ||| qw: God list: Okawaru
     0 | D:5      | 0 ||| qw: Allow faded altars: false
     0 | D:5      | 0 ||| qw: Do Orc after D:15 true
     0 | D:5      | 0 ||| qw: Do second Lair branch before Depths: true
     0 | D:5      | 0 ||| qw: Lair rune preference: random
     0 | D:5      | 0 ||| qw: Plans: Normal
     0 | D:5      | 0 ||| PLANNING D:1-11
   119 | D:5      | 119 ||| READING scroll labelled FELIRA COABEMO.
   120 | D:5      | 120 ||| DROPPING scroll of fog.
   121 | D:5      | 121 ||| DROPPING scroll of magic mapping.
   122 | D:5      | 122 ||| DROPPING scroll of fear.
   126 | D:5      | Noticed an orc wizard
   127 | D:5      | Noticed an ogre
   130 | D:5      | 130 ||| STAIRDANCE
   139 | D:4      | HP: 3/14 [something (3)]
   141 | D:4      | HP: 1/14 [kobold/+0 dagger (1)]
   141 | D:4      | Slain by an orc wizard

Levels and vault maps discovered:
D:4:      layout_cave_pools, gammafunk_temple_overflow_wave, serial_park,
          serial_park_paths [serial_park_minivault_5x5_2], serial_park_tiny_1,
          serial_park_tiny_1, serial_park_tiny_2
D:5:      layout_loops_corners, nzn_hepliaklqana_mist_gate

Skill      XL: |  1 |
---------------+----+-----
Axes           | 2 |  2.0
Fighting       | |  3.2
Dodging        | |  1.5
Stealth        | |  5.4

Action                   || total
-------------------------++-------
Melee: Hand axe          ||     7
  Use: Scroll            ||     1
Armor: Leather armour    ||     2
Dodge: Dodged            ||     3

Table legend:
 A = Non-vault XP
 B = Vault XP
 C = Vault XP percentage of total XP
 D = Non-vault monster count
 E = Vault monster count
 F = Vault count percentage of total count
                 A         B        C        D         E       F
            +---------+---------+-------+---------+---------+-------
      Total |       4 |       0 |   0.0 |       1 |       0 |   0.0
            +---------+---------+-------+---------+---------+-------
        D:4 |       4 |       0 |   0.0 |       1 |       0 |   0.0
            +---------+---------+-------+---------+---------+-------
